[Event "ICC tourney 2098 (40 10)"]
[Site "Internet Chess Club"]
[Date "2020.11.01"]
[Round "1"]
[White "Goldenmaknae"]
[Black "jsl1996"]
[Result "0-1"]
[ICCResult "White resigns"]
[WhiteElo "1926"]
[BlackElo "2665"]
[Opening "Nimzo-Indian defense"]
[ECO "E20"]
[NIC "NI.30"]
[Time "11:04:36"]
[TimeControl "2400+10"]

1. d4 Nf6 2. c4 e6 3. Nc3 Bb4 4. Bd2 c5 5. e3 O-O 6. a3 Bxc3 7. Bxc3 b6 8.
Nf3 Bb7 9. Be2 d6 10. O-O Ne4 11. Qc2 Nd7 12. Rac1 Qe7 13. Qd3 f5 14. b4
Rad8 15. Bb2 Ndf6 16. Qb3 Qf7 17. Rc2 Ba8 18. Rd1 Ng4 19. Bd3 f4 20. h3
Ngxf2 21. Rxf2 Nxf2 22. Kxf2 fxe3+ 23. Kxe3 Qf4+ 24. Ke2 cxd4 25. Bxd4 e5
{White resigns}
0-1

[Event "ICC tourney 2098 (40 10)"]
[Site "Internet Chess Club"]
[Date "2020.11.01"]
[Round "1"]
[White "marinaxiao"]
[Black "Chesssaga"]
[Result "0-1"]
[ICCResult "White resigns"]
[WhiteElo "1489"]
[BlackElo "1971"]
[Opening "Giuoco Piano"]
[ECO "C54"]
[NIC "IG.02"]
[Time "11:04:42"]
[TimeControl "2400+10"]

1. e4 e5 2. Nf3 Nc6 3. Bc4 Bc5 4. c3 Nf6 5. d3 d6 6. a4 a5 7. Bg5 h6 8. Bh4
O-O 9. O-O Be6 10. Bxe6 fxe6 11. d4 exd4 12. cxd4 Bb6 13. Nc3 g5 14. Bg3 g4
15. Nh4 Bxd4 16. Bf4 Kg7 17. h3 h5 18. hxg4 hxg4 19. Bg5 Rh8 20. Bxf6+ Qxf6
21. Qxg4+ Kf7 22. Nf3 Rag8 23. Qxg8+ Rxg8 24. Ne1 Qg5 25. Ne2 Bb6 26. g3 Rh8
27. Ng2 Qh5 28. Nh4 Qxe2 29. Rae1 Qg4 30. Kh2 Rxh4+ 31. gxh4 Qxh4+ 32. Kg2
Qg4+ 33. Kh2 Ne5 34. f3 Nxf3+ 35. Rxf3+ Qxf3 {White resigns} 0-1

[Event "ICC tourney 2098 (40 10)"]
[Site "Internet Chess Club"]
[Date "2020.11.01"]
[Round "1"]
[White "kralj8"]
[Black "michaelxiao"]
[Result "1-0"]
[ICCResult "Black resigns"]
[WhiteElo "1928"]
[BlackElo "1329"]
[Opening "French: Rubinstein variation"]
[ECO "C10"]
[NIC "FR.07"]
[Time "11:04:41"]
[TimeControl "2400+10"]

1. e4 e6 2. d4 d5 3. Nc3 dxe4 4. Nxe4 Be7 5. Nf3 Nf6 6. Bd3 Nc6 7. c3 b6 8.
O-O O-O 9. Qc2 h6 10. b4 Bb7 11. a4 a5 12. b5 Nb8 13. c4 Nbd7 14. Bb2 Nxe4
15. Bxe4 Bxe4 16. Qxe4 Nf6 17. Qc2 Bd6 18. Rfd1 Re8 19. Rac1 Bf4 20. Ra1 Qd6
21. g3 Bg5 22. h4 Bxh4 23. Nxh4 Ng4 24. d5 exd5 25. Qf5 Qe6 26. Qxe6 Rxe6
27. cxd5 Re2 28. Bd4 Rd8 29. Kf1 Rc2 30. Nf5 Rxd5 31. Ne7+ Kf8 32. Nxd5
{Black resigns}
1-0

[Event "ICC tourney 2098 (40 10)"]
[Site "Internet Chess Club"]
[Date "2020.11.01"]
[Round "1"]
[White "GGuseinov"]
[Black "aquilesboy"]
[Result "1-0"]
[ICCResult "Black resigns"]
[WhiteElo "2715"]
[BlackElo "1923"]
[Opening "Sicilian: closed"]
[ECO "B23"]
[NIC "SI.44"]
[Time "11:04:33"]
[TimeControl "2400+10"]

1. e4 c5 2. Nc3 a6 3. g3 b5 4. Bg2 Bb7 5. d3 g6 6. Nh3 Bg7 7. O-O d6 8. f4
e6 9. f5 b4 10. fxe6 fxe6 11. Ne2 e5 12. Ng5 Bf6 13. h4 Nc6 14. c3 Qe7 15.
cxb4 h6 16. Nh3 cxb4 17. Be3 a5 18. Rc1 Rc8 19. Nf2 h5 20. Bh3 {Black
resigns} 1-0

[Event "ICC tourney 2098 (40 10)"]
[Site "Internet Chess Club"]
[Date "2020.11.01"]
[Round "1"]
[White "xyzchessdude"]
[Black "che8642"]
[Result "1-0"]
[ICCResult "Black checkmated"]
[WhiteElo "2009"]
[BlackElo "1515"]
[Opening "Réti opening"]
[ECO "A11"]
[NIC "RE.06"]
[Time "11:04:37"]
[TimeControl "2400+10"]

1. Nf3 d5 2. c4 c6 3. g3 Nf6 4. Bg2 Bf5 5. Qb3 Qb6 6. d3 e6 7. O-O Be7 8.
Qc2 dxc4 9. Qxc4 Nbd7 10. Nc3 h6 11. Be3 Bc5 12. Na4 Qc7 13. Nxc5 Nb6 14.
Qb3 Nfd5 15. Bd4 f6 16. e4 e5 17. exf5 exd4 18. Rfe1+ Kf7 19. Nxd4 Qd6 20.
Nxb7 Qc7 21. Nb5 cxb5 22. Bxd5+ Nxd5 23. Qxd5+ Kf8 24. Rac1 Qb6 25. Nd6 Qxd6
26. Qxd6+ Kg8 27. Rc7 Rf8 28. Ree7 Rh7 29. Qe6+ Kh8 30. Re8 Rxe8 31. Qxe8#
{Black checkmated}
1-0

[Event "ICC tourney 2098 (40 10)"]
[Site "Internet Chess Club"]
[Date "2020.11.01"]
[Round "1"]
[White "MARMAYOGI11"]
[Black "kingannihilator"]
[Result "0-1"]
[ICCResult "White resigns"]
[WhiteElo "2187"]
[BlackElo "1994"]
[Opening "Sicilian: dragon, Yugoslav attack, Rauser variation"]
[ECO "B76"]
[NIC "SI.16"]
[Time "11:04:39"]
[TimeControl "2400+10"]

1. e4 c5 2. Nf3 d6 3. d4 cxd4 4. Nxd4 Nf6 5. Nc3 g6 6. Be3 Bg7 7. Qd2 O-O 8.
f3 Nc6 9. O-O-O d5 10. exd5 Nxd5 11. Nxc6 bxc6 12. Nxd5 cxd5 13. Qxd5 Qc7
14. Qd2 Rb8 15. c3 Be6 16. Bf4 Qb6 17. Bxb8 Rxb8 18. Kb1 Qa5 19. b4 Bf6 20.
Qc2 Qc7 21. Rc1 a5 22. b5 Qc5 23. Qa4 Bxc3 24. Bd3 Qe5 25. g4 Bd7 26. Rcd1
{White resigns}
0-1

[Event "ICC tourney 2098 (40 10)"]
[Site "Internet Chess Club"]
[Date "2020.11.01"]
[Round "1"]
[White "andrewf2009"]
[Black "RagingKnightNC"]
[Result "0-1"]
[ICCResult "White checkmated"]
[WhiteElo "1715"]
[BlackElo "2146"]
[Opening "Sicilian: Najdorf"]
[ECO "B90"]
[NIC "SI.14"]
[Time "11:04:30"]
[TimeControl "2400+10"]

1. e4 c5 2. Nf3 d6 3. d4 cxd4 4. Nxd4 Nf6 5. Nc3 a6 6. f3 e5 7. Nb3 Be7 8.
Be3 Qc7 9. Qd2 Nbd7 10. O-O-O b5 11. Nd5 Nxd5 12. exd5 Bd8 13. g4 Rb8 14. f4
O-O 15. f5 a5 16. Kb1 a4 17. Nc1 Nb6 18. h4 Nc4 19. Bxc4 bxc4 20. Rdf1 c3
21. Qd3 Rxb2+ 22. Ka1 Qb8 23. Ne2 Rxa2+ 24. Kxa2 Qb2# {White checkmated} 0-1

[Event "ICC tourney 2098 (40 10)"]
[Site "Internet Chess Club"]
[Date "2020.11.01"]
[Round "1"]
[White "JonnyTurgi"]
[Black "adwaysane"]
[Result "1-0"]
[ICCResult "Black checkmated"]
[WhiteElo "2089"]
[BlackElo "1649"]
[Opening "QGD semi-Slav"]
[ECO "D43"]
[NIC "QP.08"]
[Time "11:04:32"]
[TimeControl "2400+10"]

1. d4 d5 2. c4 e6 3. Nf3 Nf6 4. Nc3 c6 5. Bg5 Nbd7 6. cxd5 exd5 7. Qc2 Bd6
8. e3 h6 9. Bh4 O-O 10. Bd3 Re8 11. O-O Qc7 12. Rfc1 a6 13. Bg3 Bxg3 14.
hxg3 Qd6 15. Rab1 a5 16. a3 b5 17. e4 b4 18. e5 Qb8 19. Na4 Ng4 20. Qxc6 Rd8
21. Qc7 Qxc7 22. Rxc7 Ba6 23. Bf5 Bb5 24. Bxg4 Bxa4 25. b3 Bb5 26. a4 Bd3
27. Rbc1 Nb6 28. e6 fxe6 29. Bxe6+ Kh7 30. Ne5 Bg6 31. Re7 Re8 32. Nxg6 Kxg6
33. Bf7+ Kf6 34. Rxe8 Kxf7 35. Rxa8 Nxa8 36. Rc5 Ke6 37. Rxa5 Nc7 38. Ra7
Kd7 39. f4 g6 40. g4 Kc6 41. Rxc7+ Kxc7 42. f5 gxf5 43. gxf5 Kd6 44. g4 Ke7
45. a5 Kf6 46. a6 Kg5 47. a7 Kxg4 48. f6 h5 49. a8=Q Kh3 50. f7 h4 51. f8=Q
Kg3 52. Qf2+ Kh3 53. Qc8# {Black checkmated} 1-0

[Event "ICC tourney 2098 (40 10)"]
[Site "Internet Chess Club"]
[Date "2020.11.01"]
[Round "1"]
[White "SuperPuzzler"]
[Black "TheDude865"]
[Result "1-0"]
[ICCResult "Black checkmated"]
[WhiteElo "1969"]
[BlackElo "1485"]
[Opening "Ruy Lopez: Anderssen variation"]
[ECO "C77"]
[NIC "RL.12"]
[Time "11:04:47"]
[TimeControl "2400+10"]

1. e4 e5 2. Nf3 Nc6 3. Bb5 a6 4. Ba4 Nf6 5. d3 b5 6. Bb3 Be7 7. O-O O-O 8.
Nbd2 d6 9. c3 Bb7 10. Re1 Na5 11. Bc2 c5 12. Nf1 Re8 13. Ng3 Bf8 14. h3 h6
15. Be3 Qc7 16. Qe2 Nc6 17. Rad1 Rac8 18. Nh2 Ne7 19. Ng4 Nxg4 20. Qxg4 Rcd8
21. Bxh6 Bc8 22. Nf5 Nxf5 23. exf5 g6 24. Bg5 Be7 25. Bxe7 Rxe7 26. d4 cxd4
27. Qg5 Bxf5 28. Bxf5 Kh8 29. Rxd4 f6 30. Qxf6+ Rg7 31. Rh4+ Kg8 32. Be6+
Rf7 33. Qxg6+ Kf8 34. Rh8+ Ke7 35. Qxf7# {Black checkmated} 1-0

[Event "ICC tourney 2098 (40 10)"]
[Site "Internet Chess Club"]
[Date "2020.11.01"]
[Round "1"]
[White "TjkTiger"]
[Black "icommai"]
[Result "1-0"]
[ICCResult "Black resigns"]
[WhiteElo "2605"]
[BlackElo "1880"]
[Opening "QGD: semi-Slav, Marshall gambit"]
[ECO "D31"]
[NIC "SL.06"]
[Time "11:05:28"]
[TimeControl "2400+10"]

1. c4 e6 2. Nc3 d5 3. d4 c6 4. e4 dxe4 5. Nxe4 Bb4+ 6. Bd2 Qxd4 7. Bxb4
Qxe4+ 8. Be2 Na6 9. Ba5 b6 10. Qd6 Bd7 11. Bc3 Nf6 12. Nf3 O-O-O 13. Ne5 Be8
14. Qa3 Kb7 15. Qe7+ Nd7 16. Rd1 Nb8 17. f3 Qf5 18. Qxd8 Nxe5 19. O-O Nbd7
20. f4 Ng6 21. Rxd7+ Bxd7 22. Qxd7+ Kb8 23. Bd3 Qc5+ 24. Bd4 Qe7 25. Be5+
{Black resigns}
1-0

[Event "ICC tourney 2098 (40 10)"]
[Site "Internet Chess Club"]
[Date "2020.11.01"]
[Round "1"]
[White "Aleksandrov73"]
[Black "HarleyQueen8"]
[Result "1-0"]
[ICCResult "Black checkmated"]
[WhiteElo "2643"]
[BlackElo "1885"]
[Opening "QGA: classical, 6...a6"]
[ECO "D27"]
[NIC "QG.07"]
[Time "11:04:43"]
[TimeControl "2400+10"]

1. d4 d5 2. c4 dxc4 3. Nf3 Nf6 4. e3 e6 5. Bxc4 c5 6. O-O a6 7. dxc5 Qxd1 8.
Rxd1 Bxc5 9. Be2 Nc6 10. Nbd2 Ke7 11. Ne1 b5 12. Nd3 Bd6 13. Nb3 Nb4 14.
Ndc5 Bd7 15. Bd2 Nc6 16. Bf3 Rhc8 17. Nxd7 Nxd7 18. Bc3 g6 19. Rac1 Ndb8 20.
Na5 Ra7 21. Bd4 Rac7 22. Nxc6+ Nxc6 23. Bb6 Rb7 24. Ba5 Rd7 25. Bxc6 Bxh2+
26. Kxh2 Rxd1 27. Rxd1 Rxc6 28. Bd8+ Ke8 29. Bf6 Rc8 30. b4 Kf8 31. g4 h6
32. f4 Kg8 33. Kg3 Kh7 34. g5 h5 35. Rd7 Kg8 36. Ra7 Kf8 37. Rxa6 Ke8 38.
Ra5 Rc2 39. Rxb5 Rxa2 40. Rb7 Ra3 41. Re7+ Kf8 42. Rd7 Ra8 43. b5 Ke8 44.
Rd6 Rb8 45. b6 Kf8 46. b7 h4+ 47. Kxh4 Kg8 48. Rd8+ Rxd8 49. Bxd8 e5 50.
b8=Q exf4 51. Bf6+ Kh7 52. Qh8# {Black checkmated} 1-0

[Event "ICC tourney 2098 (40 10)"]
[Site "Internet Chess Club"]
[Date "2020.11.01"]
[Round "1"]
[White "ruitang"]
[Black "ramennoodle"]
[Result "1/2-1/2"]
[ICCResult "Game drawn by mutual agreement"]
[WhiteElo "1661"]
[BlackElo "2063"]
[Opening "Philidor: Improved Hanham variation"]
[ECO "B07"]
[NIC "PU.08"]
[Time "11:04:36"]
[TimeControl "2400+10"]

1. e4 d6 2. d4 Nf6 3. Nc3 e5 4. Nf3 Nbd7 5. Bc4 Be7 6. O-O O-O 7. Be3 c6 8.
Bb3 b5 9. a3 a5 10. h3 Ba6 11. Re1 Qc7 12. Bg5 c5 13. dxe5 Nxe5 14. Nxe5
dxe5 15. Bxf6 Bxf6 16. Nd5 Qd6 17. Nxf6+ Qxf6 18. Bd5 Rad8 19. Re3 Bb7 20.
Rd3 Bxd5 21. Rxd5 Qe7 22. Qd2 Rxd5 23. exd5 a4 24. Re1 Qd6 25. Qe2 Qxd5 26.
Qxb5 Ra8 27. Qe2 f6 28. Rd1 Qc6 29. Qc4+ Kf8 30. Rd5 Rc8 31. Rd3
{Game drawn by mutual agreement}
1/2-1/2

[Event "ICC tourney 2098 (40 10)"]
[Site "Internet Chess Club"]
[Date "2020.11.01"]
[Round "1"]
[White "JunlinTheWorld"]
[Black "MiamiBoy"]
[Result "0-1"]
[ICCResult "White checkmated"]
[WhiteElo "1833"]
[BlackElo "2254"]
[Opening "Giuoco Piano"]
[ECO "C44"]
[NIC "SO.06"]
[Time "11:04:45"]
[TimeControl "2400+10"]

1. e4 e5 2. Nf3 Nc6 3. d4 exd4 4. Bc4 Bc5 5. c3 Nf6 6. e5 d5 7. Bb5 Ne4 8.
cxd4 Bb6 9. O-O O-O 10. Bxc6 bxc6 11. a4 a5 12. Be3 f5 13. Qc1 Ba6 14. Re1
Qd7 15. Nc3 Rae8 16. Bf4 h6 17. h4 c5 18. Be3 f4 19. Bxf4 cxd4 20. Nxe4 dxe4
21. Rxe4 Bb7 22. Re1 Qg4 23. Qc4+ Kh8 24. Bg3 Rxf3 25. gxf3 Qxf3 26. Kf1 Ra8
27. Ra3 Qg2+ 28. Ke2 Ba6 29. Qxa6 Rxa6 30. e6 Bc5 31. Kd3 Bxa3 32. bxa3 Qf3+
33. Kxd4 Qf5 34. e7 Qd7+ 35. Kc3 Rc6+ 36. Kb3 Qd3+ 37. Ka2 Rc2+ 38. Kb1 Qb3+
39. Ka1 Qa2# {White checkmated} 0-1

[Event "ICC tourney 2098 (40 10)"]
[Site "Internet Chess Club"]
[Date "2020.11.01"]
[Round "1"]
[White "davika21"]
[Black "manest"]
[Result "0-1"]
[ICCResult "White resigns"]
[WhiteElo "1916"]
[BlackElo "2718"]
[Opening "Sicilian: Alapin's variation (2.c3)"]
[ECO "B22"]
[NIC "SI.46"]
[Time "11:04:33"]
[TimeControl "2400+10"]

1. e4 c5 2. c3 g6 3. d4 cxd4 4. cxd4 d5 5. exd5 Nf6 6. Nf3 Nxd5 7. Bc4 Nb6
8. Bb3 Bg7 9. O-O O-O 10. Bg5 h6 11. Bh4 Nc6 12. Nc3 g5 13. Bg3 Nxd4 14.
Nxd4 Qxd4 15. Qf3 Qf6 16. Qe2 Bf5 17. Rfe1 Rae8 18. Be5 Qxe5 19. Qxe5 Bxe5
20. Rxe5 e6 21. Rd1 Rd8 22. Ree1 Bd3 23. Rd2 Bc4 24. Red1 Rxd2 25. Rxd2 Rc8
26. f3 Bxb3 27. axb3 Kf8 28. Kf2 Ke7 29. Ke3 f5 30. g3 a6 31. Rd3 Nd7 32.
Rd2 b5 33. Ne2 Nf6 34. Nd4 Nd5+ 35. Ke2 Nb4 36. Ke3 Rc1 37. Kf2 Kf6 38. f4
Nd5 39. fxg5+ hxg5 40. Ne2 Rh1 41. Kg2 Rb1 42. Kf2 g4 43. Nf4 Nxf4 44. gxf4
Rh1 45. Kg2 Re1 46. Rd3 Re2+ 47. Kg3 Rxb2 48. Re3 a5 49. Rd3 b4 50. Re3 Rc2
51. Re5 Rc3+ 52. Kg2 Rxb3 53. Rxa5 Rf3 54. Rb5 Rxf4 55. Kg3 Rf3+ 56. Kg2 Rb3
57. Kf2 Rf3+ 58. Kg2 b3 59. Rb4 e5 60. Rb6+ Kg5 {White resigns} 0-1

[Event "ICC tourney 2098 (40 10)"]
[Site "Internet Chess Club"]
[Date "2020.11.01"]
[Round "1"]
[White "AlexW2007"]
[Black "Zuiopal"]
[Result "1-0"]
[ICCResult "Black resigns"]
[WhiteElo "2115"]
[BlackElo "1663"]
[Opening "Catalan: closed, main line"]
[ECO "E09"]
[NIC "CA.04"]
[Time "11:04:41"]
[TimeControl "2400+10"]

1. d4 Nf6 2. c4 e6 3. Nf3 d5 4. g3 Be7 5. Bg2 c6 6. O-O O-O 7. Nbd2 Nbd7 8.
Qc2 b6 9. e4 dxe4 10. Nxe4 Bb7 11. Bf4 Nxe4 12. Qxe4 Nf6 13. Qc2 Qc8 14. c5
Nd5 15. Bg5 h6 16. Bxe7 Nxe7 17. Ne5 Rd8 18. Rfd1 Nf5 19. Qc3 b5 20. a4 a6
21. Qf3 Qc7 22. Qf4 Rac8 23. Bh3 g5 24. Qe4 Ng7 25. f4 f5 26. Qe3 g4 27. Bg2
Ba8 28. b4 h5 29. Ra2 Qe7 30. Rda1 Bb7 31. axb5 axb5 32. Ra7 Rc7 33. Rxb7
Rxb7 34. Nxc6 Qc7 35. Nxd8 Rb8 36. Nxe6 Re8 37. Nxc7 Rxe3 38. d5 h4 39. gxh4
Nh5 40. Ne6 g3 41. c6 gxh2+ 42. Kxh2 Nxf4 43. Nxf4 {Black resigns} 1-0

[Event "ICC tourney 2098 (40 10)"]
[Site "Internet Chess Club"]
[Date "2020.11.01"]
[Round "1"]
[White "e4f5"]
[Black "imranchamp"]
[Result "1-0"]
[ICCResult "Black checkmated"]
[WhiteElo "2231"]
[BlackElo "1814"]
[Opening "Sicilian: Pelikan, Chelyabinsk variation"]
[ECO "B33"]
[NIC "SI.37"]
[Time "11:04:36"]
[TimeControl "2400+10"]

1. e4 c5 2. Nf3 Nc6 3. d4 cxd4 4. Nxd4 Nf6 5. Nc3 e5 6. Ndb5 d6 7. Bg5 a6 8.
Na3 b5 9. Nd5 Be7 10. Bxf6 Bxf6 11. c4 b4 12. Nc2 a5 13. g3 Ne7 14. Bg2 Nxd5
15. Qxd5 Be6 16. Qd3 O-O 17. O-O Qc7 18. b3 Rfd8 19. Rad1 Rac8 20. f4 Be7
21. Ne3 Qc5 22. Kh1 f6 23. Bf3 Bf7 24. Bg4 Ra8 25. Nd5 Bf8 26. Bf5 Kh8 27.
Rd2 Bxd5 28. exd5 g6 29. Be6 f5 30. g4 fxg4 31. f5 Bh6 32. fxg6 Rf8 33. Rdd1
hxg6 34. Qxg6 Qe3 35. Bf5 Ra7 36. Bxg4 Raf7 37. Rxf7 Rxf7 38. Qxf7 Bf4 39.
Qf8+ Kh7 40. Bf5# {Black checkmated} 1-0

[Event "ICC tourney 2098 (40 10)"]
[Site "Internet Chess Club"]
[Date "2020.11.01"]
[Round "1"]
[White "john-hartmann"]
[Black "jy2020"]
[Result "0-1"]
[ICCResult "White checkmated"]
[WhiteElo "1765"]
[BlackElo "2219"]
[Opening "Catalan: open, 5.Nf3"]
[ECO "E04"]
[NIC "CA.03"]
[Time "11:04:35"]
[TimeControl "2400+10"]

1. d4 Nf6 2. c4 e6 3. Nf3 d5 4. g3 dxc4 5. Bg2 a6 6. O-O Nc6 7. Nc3 Be7 8.
b3 cxb3 9. Qxb3 O-O 10. Rd1 Rb8 11. Bf4 Nd5 12. Nxd5 exd5 13. Rac1 Be6 14.
h4 h6 15. Rc3 Bd6 16. Bc1 Na5 17. Qb1 b5 18. e4 Nc4 19. exd5 Bg4 20. Re1 Qf6
21. Ne5 Nxe5 22. dxe5 Bxe5 23. Rc6 Bd6 24. Rxa6 Rfe8 25. Rxe8+ Rxe8 26. Bf4
Qc3 27. Qxb5 Re1+ 28. Kh2 Bxf4 29. Ra8+ Kh7 30. gxf4 Qd4 31. Ra4 Qxf2 32.
Qd3+ f5 33. Qg3 Qg1# {White checkmated} 0-1

[Event "ICC tourney 2098 (40 10)"]
[Site "Internet Chess Club"]
[Date "2020.11.01"]
[Round "1"]
[White "DLWarrior"]
[Black "che2468"]
[Result "1-0"]
[ICCResult "Black checkmated"]
[WhiteElo "1954"]
[BlackElo "1452"]
[Opening "Queen's pawn: Chigorin variation"]
[ECO "D00"]
[NIC "QP.08"]
[Time "11:04:39"]
[TimeControl "2400+10"]

1. d4 d5 2. Nc3 Bf5 3. Bf4 c6 4. e3 Nf6 5. Nf3 e6 6. Bd3 Bg6 7. O-O Bd6 8.
Ne5 O-O 9. Nxg6 hxg6 10. Bg5 Nbd7 11. e4 dxe4 12. Nxe4 Be7 13. Bf4 Nxe4 14.
Bxe4 Nf6 15. Bf3 Bd6 16. Bxd6 Qxd6 17. c3 Rfd8 18. Qb3 Rd7 19. Rad1 Rad8 20.
Qa4 a6 21. Rfe1 Nd5 22. Qc2 Qf4 23. Qe4 Qxe4 24. Rxe4 Nf6 25. Re5 Rd6 26.
Kf1 Nd7 27. Re3 Nb6 28. b3 Nd5 29. Red3 Nf4 30. R3d2 e5 31. g3 Ne6 32. d5
cxd5 33. Rxd5 Rxd5 34. Rxd5 f6 35. Rxd8+ Nxd8 36. Ke2 Kf7 37. Kd3 Ke6 38.
Kc4 Kd6 39. a4 Nc6 40. b4 f5 41. b5 axb5+ 42. axb5 Nd8 43. Bd5 b6 44. h4 Ne6
45. Bxe6 Kxe6 46. Kd3 Kd5 47. c4+ Kc5 48. Kc3 e4 49. Kb3 Kd4 50. Kb4 Kd3 51.
c5 bxc5+ 52. Kxc5 Ke2 53. b6 Kxf2 54. b7 e3 55. b8=Q e2 56. Qf4+ Ke1 57. Kc4
Kd1 58. Qd4+ Ke1 59. Kd3 Kf1 60. Qf4+ Kg2 61. Kxe2 Kh3 62. Kf2 Kh2 63. g4+
Kh3 64. Qg3# {Black checkmated} 1-0

[Event "ICC tourney 2098 (40 10)"]
[Site "Internet Chess Club"]
[Date "2020.11.01"]
[Round "1"]
[White "Heliosis"]
[Black "speedskater"]
[Result "0-1"]
[ICCResult "White resigns"]
[WhiteElo "1881"]
[BlackElo "2615"]
[Opening "French: advance, Euwe variation"]
[ECO "C02"]
[NIC "FR.03"]
[Time "11:04:37"]
[TimeControl "2400+10"]

1. e4 e6 2. d4 d5 3. e5 c5 4. c3 Nc6 5. Nf3 Bd7 6. Be2 Nge7 7. Na3 Nf5 8.
Nc2 cxd4 9. cxd4 Nb4 10. Nxb4 Bxb4+ 11. Bd2 Qb6 12. Bxb4 Qxb4+ 13. Qd2 Qb6
14. O-O O-O 15. Bd3 Bb5 16. b3 Rfc8 17. Rfc1 Bxd3 18. Qxd3 Qb4 19. h3 h6 20.
g4 Ne7 21. Kg2 Qa3 22. Qd2 Nc6 23. g5 hxg5 24. Nxg5 Ne7 25. Kh2 Nf5 26. Rg1
Rc7 27. Nf3 Rac8 28. Qg5 Qb2 29. Raf1 Rc2 30. Rg2 Kf8 31. Nh4 Qxd4 32. Nxf5
Qxe5+ 33. Qg3 Qxf5 34. Qxg7+ Ke7 35. Qh6 Qf6 36. Qe3 b6 37. Qg3 R2c3 38. Qg4
Rh8 39. Rg3 Rxg3 40. Qxg3 Rc8 41. h4 Rc3 42. Qg4 Qe5+ 43. Kg2 Qe4+ 44. Qxe4
dxe4 45. h5 Kf6 46. Rh1 Kg7 47. Rh4 f5 48. Rh1 Kh6 49. Rd1 Kxh5 50. Rd6 e5
51. Re6 Rc5 52. Re7 Kg4 53. Rxa7 Rc2 54. Rg7+ Kf4 55. Rg3 Rxa2 56. Rc3 Rd2
57. Re3 Rd3 {White resigns} 0-1

[Event "ICC tourney 2098 (40 10)"]
[Site "Internet Chess Club"]
[Date "2020.11.01"]
[Round "1"]
[White "orwind"]
[Black "Solidwrench2"]
[Result "1/2-1/2"]
[ICCResult "Game drawn by mutual agreement"]
[WhiteElo "1627"]
[BlackElo "1973"]
[Opening "Sicilian"]
[ECO "B50"]
[NIC "SI.01"]
[Time "11:04:34"]
[TimeControl "2400+10"]

1. e4 c5 2. Nf3 d6 3. Nc3 Nf6 4. e5 dxe5 5. Nxe5 e6 6. Bb5+ Nbd7 7. Nxd7
Bxd7 8. Bxd7+ Qxd7 9. d3 Bd6 10. O-O O-O 11. Bg5 Be5 12. Qd2 Nd5 13. Nxd5
exd5 14. Rab1 Rae8 15. Rfe1 f6 16. Bf4 Qd6 17. Bg3 Bxg3 18. fxg3 d4 19. Rxe8
Rxe8 20. Re1 Re5 21. Rxe5 Qxe5 22. Kf2 Kf7 23. Qf4 Ke6 24. Kf3 b5 25. b3 h5
26. g4 h4 27. h3 b4 28. Qe4 Qxe4+ 29. Kxe4 g5 30. Kf3 Ke5 31. g3 a6 32. Kf2
Ke6 33. Kg2 Kd6 34. Kf3 Ke5 35. Kf2 Ke6 {Game drawn by mutual agreement}
1/2-1/2

[Event "ICC tourney 2098 (40 10)"]
[Site "Internet Chess Club"]
[Date "2020.11.01"]
[Round "1"]
[White "wildrumpus"]
[Black "Feugon"]
[Result "0-1"]
[ICCResult "White checkmated"]
[WhiteElo "1468"]
[BlackElo "1940"]
[Opening "Dutch"]
[ECO "A80"]
[NIC "HD.12"]
[Time "11:04:45"]
[TimeControl "2400+10"]

1. d4 f5 2. Nf3 Nf6 3. e3 g6 4. Be2 Bg7 5. O-O O-O 6. b3 d6 7. Bb2 c6 8. c4
e5 9. dxe5 Ng4 10. Qd2 Nxe5 11. Rd1 Qe7 12. Nc3 Rd8 13. Ba3 Na6 14. Rac1
Nxf3+ 15. Bxf3 Be5 16. g3 Be6 17. Bg2 Nc5 18. Qc2 a5 19. Bb2 a4 20. b4 a3
21. Ba1 Na6 22. Qb3 Qf7 23. Bf1 b5 24. Qxa3 Bxc4 25. Bxc4 bxc4 26. Qb2 Nc7
27. a3 Nb5 28. Qe2 Bxc3 29. Bxc3 Rxa3 30. Bb2 Ra2 31. Rd2 d5 32. Bd4 Nxd4
33. exd4 Rxd2 34. Qxd2 Rb8 35. Rb1 Qe7 36. Qe3 Qxe3 37. fxe3 Kf7 38. Kf2 Ke6
39. Kf3 Kd6 40. Kf4 h6 41. h3 Re8 42. b5 Rb8 43. b6 c5 44. b7 cxd4 45. exd4
Kc6 46. Re1 Rxb7 47. Re6+ Kb5 48. Rd6 c3 49. Rxd5+ Kc4 50. Rc5+ Kxd4 51. Rc6
Kd3 52. Kf3 Rb4 53. Rxg6 c2 54. Rc6 Rc4 55. Rxh6 c1=Q 56. Rd6+ Kc3 57. g4
Qf1+ 58. Kg3 Qg1+ 59. Kh4 fxg4 60. Rd3+ Kxd3 61. Kh5 gxh3 62. Kh6 Rh4#
{White checkmated}
0-1

[Event "ICC tourney 2098 (40 10)"]
[Site "Internet Chess Club"]
[Date "2020.11.01"]
[Round "1"]
[White "chessboy2020"]
[Black "Slypawn"]
[Result "0-1"]
[ICCResult "White checkmated"]
[WhiteElo "1655"]
[BlackElo "2109"]
[Opening "Ruy Lopez: closed, Smyslov defense"]
[ECO "C93"]
[NIC "RL.22"]
[Time "11:04:40"]
[TimeControl "2400+10"]

1. e4 e5 2. Nf3 Nc6 3. Bb5 a6 4. Ba4 Nf6 5. O-O Be7 6. Re1 b5 7. Bb3 O-O 8.
h3 d6 9. c3 h6 10. d4 Bb7 11. Nbd2 Re8 12. Nf1 Bf8 13. Ng3 exd4 14. cxd4 Na5
15. Bc2 c5 16. d5 Nc4 17. b3 Nb6 18. Nh2 g6 19. Bb2 Bg7 20. Rb1 Nbd7 21. f4
Rc8 22. Nf3 Qc7 23. f5 g5 24. Qc1 c4 25. Re3 g4 26. hxg4 Nxg4 27. Bxg7 Kxg7
28. Nh5+ Kg8 29. Nd4 Nxe3 30. Qxe3 Kh7 31. f6 Re5 32. Qf3 Qc5 33. Rd1 Rg8
34. Kf1 Rg6 35. g4 cxb3 36. axb3 Kg8 37. Bb1 a5 38. Nf5 Nxf6 39. Nxh6+ Rxh6
40. Nxf6+ Kg7 41. Nd7 Qc8 42. Nxe5 Rf6 43. Ke2 Rxf3 44. Nxf3 Qc3 45. Nd4 b4
46. Nf5+ Kf6 47. Nxd6 Ba6+ 48. Bd3 Qc2+ 49. Rd2 Bxd3+ 50. Ke3 Qc5+ 51. Kxd3
Qxd6 52. Rc2 Qg3+ 53. Kd4 Qxb3 54. Rc6+ Ke7 55. Ke5 Qc3+ 56. Rxc3 bxc3 57.
d6+ Kd7 58. Kd5 c2 59. g5 c1=Q 60. g6 Qg5+ 61. Kd4 Qxg6 62. e5 Ke6 63. Kc5
Qc2+ 64. Kb6 a4 65. d7 Kxd7 66. e6+ fxe6 67. Kb5 a3 68. Kb4 a2 69. Kb5 a1=Q
70. Kb6 Qab1+ 71. Ka6 Qca2# {White checkmated} 0-1

[Event "ICC tourney 2098 (40 10)"]
[Site "Internet Chess Club"]
[Date "2020.11.01"]
[Round "1"]
[White "Theutltl"]
[Black "Leolix"]
[Result "1/2-1/2"]
[ICCResult "Game drawn by mutual agreement"]
[WhiteElo "1406"]
[BlackElo "1932"]
[Opening "Sicilian: Taimanov variation"]
[ECO "B49"]
[NIC "SI.40"]
[Time "11:04:38"]
[TimeControl "2400+10"]

1. e4 c5 2. Nf3 e6 3. d4 cxd4 4. Nxd4 Nc6 5. Nc3 Qc7 6. Be3 a6 7. Be2 Nf6 8.
O-O Bb4 9. f3 b5 10. Qd2 Bb7 11. a3 Bc5 12. Nxc6 Qxc6 13. Rfd1 d6 14. Bxc5
Qxc5+ 15. Qd4 O-O 16. Qxc5 dxc5 17. Rd6 Rfd8 18. Rad1 Rxd6 19. Rxd6 Kf8 20.
Kf2 Ke7 21. Rd1 Rc8 22. Bf1 Nd7 23. Ne2 Ne5 24. Nf4 g5 25. Nd3 Nc4 26. Ra1
f6 27. b3 Nd6 28. Nb2 h5 29. c4 g4 30. Be2 Rg8 31. Rg1 h4 32. Ke3 gxf3 33.
Bxf3 Rg5 34. cxb5 Nxb5 35. Nc4 h3 36. g4 Nd4 37. Bd1 Rg7 38. b4 Nc6 39. bxc5
Rg5 40. Nd6 Ba8 41. Nc8+ Kd8 42. Nb6 Bb7 43. Na4 Na5 44. Kd3 Bc6 45. Rg3
Bb5+ 46. Kc3 Nc6 47. Rxh3 Bxa4 48. Bxa4 Rxc5+ 49. Kd2 Ne5 50. Rh8+ Kc7 51.
Bd1 Rc4 52. h4 Rxe4 53. h5 Rd4+ 54. Ke1 Nxg4 55. h6 Nxh6 56. Rxh6 Rf4 57.
Ke2 a5 58. Ke3 e5 59. Rh7+ Kb6 60. Re7 Rc4 61. Re6+
{Game drawn by mutual agreement}
1/2-1/2